HSSL
MASCONOMET HS CHIEFTANS @ SHELBY HS ROCKETS
05/25/2025
 
TOP OF THE 1ST
Masconomet HS Chieftans batting - Pitching for Shelby HS Rockets : RHP Max Briggs
Pitching: RHP Max Briggs
Batting: RHB Ryan Beck 0-0: Called Strike
0-1: Swinging Strike
0-2: Strikes out swinging
Batting: RHB Tyler Robinson 0-0: SINGLE (Groundball, 34D)
Batting: LHB Aaron Atkins 0-0: Ball
1-0: Called Strike
1-1: Foul Ball, location: 2F
1-2: Ball
2-2: Foul Ball, location: 2F
2-2: Ball
3-2: Foul Ball, location: 2F
3-2: Strikes out swinging
Batting: RHB Clancy Castro 0-0: Swinging Strike
0-1: Called Strike
0-2: Fly out, F9 (Line Drive, 9LM)
Top of the 1st over - 0 run(s), 1 hit(s), 0 error(s), 1 left on base; Masconomet HS 0 - Shelby HS 0
BOTTOM OF THE 1ST
Shelby HS Rockets batting - Pitching for Masconomet HS Chieftans : LHP Daniel Roberts
Pitching: LHP Daniel Roberts
Batting: LHB Justin Tubridy 0-0: Ball
1-0: Called Strike
1-1: Bunt for hit - play at first, batter OUT! 2-3
Batting: RHB Rich Crabtree 0-0: DOUBLE (Flyball, 78M)
Batting: RHB Tommy Davenport 0-0: Ball
1-0: Called Strike
1-1: 2-RUN HOME RUN (Flyball, 78XD), Distance : 428 ft
Batting: RHB Jake Erickson 0-0: Ball
1-0: Swinging Strike
1-1: Ball
2-1: Foul Ball, location: 2F
2-2: Strikes out swinging
Batting: RHB David Randall 0-0: Ball
1-0: Swinging Strike
1-1: Called Strike
1-2: Ball
2-2: Ball
3-2: Base on Balls
Batting: RHB Jorge Ortíz 0-0: Called Strike
0-1: Called Strike
0-2: Strikes out swinging
Bottom of the 1st over - 2 run(s), 2 hit(s), 0 error(s), 1 left on base; Masconomet HS 0 - Shelby HS 2
TOP OF THE 2ND
Masconomet HS Chieftans batting - Pitching for Shelby HS Rockets : RHP Max Briggs
Batting: LHB Trent Andrews 0-0: Called Strike
0-1: Swinging Strike
0-2: Ball
1-2: Foul Ball, location: 2F
1-2: Foul Ball, location: 2F
1-2: Strikes out swinging
Batting: RHB Frank Music 0-0: Ball
1-0: Swinging Strike
1-1: Swinging Strike
1-2: Ball
2-2: Strikes out swinging
Batting: RHB Brian Jackson 0-0: Ball
1-0: Ball
2-0: Ball
3-0: Base on Balls
Batting: RHB António Rojas 0-0: Ball
Brian Jackson is caught stealing 2nd base
Top of the 2nd over - 0 run(s), 0 hit(s), 0 error(s), 0 left on base; Masconomet HS 0 - Shelby HS 2
BOTTOM OF THE 2ND
Shelby HS Rockets batting - Pitching for Masconomet HS Chieftans : LHP Daniel Roberts
Batting: RHB Don Jackson 0-0: Called Strike
0-1: Swinging Strike
0-2: Ball
1-2: Fly out, F7 (Flyball, 78M)
Batting: RHB John Pineau 0-0: Ball
1-0: Foul Ball, location: 2F
1-1: Ball
2-1: Foul Ball, location: 2F
2-2: Ground out 4-3 (Groundball, 4)
Batting: LHB Bill Williams 0-0: Called Strike
0-1: Ball
1-1: Ball
2-1: Swinging Strike
2-2: Strikes out looking
Bottom of the 2nd over - 0 run(s), 0 hit(s), 0 error(s), 0 left on base; Masconomet HS 0 - Shelby HS 2
TOP OF THE 3RD
Masconomet HS Chieftans batting - Pitching for Shelby HS Rockets : RHP Max Briggs
Batting: RHB António Rojas 0-0: Called Strike
0-1: SINGLE (Groundball, 56D)
Batting: SHB Jim Orr 0-0: Called Strike
0-1: Ball
1-1: Swinging Strike
1-2: Ball
2-2: SINGLE (Line Drive, 9S)
António Rojas to second
Batting: RHB Ryan Beck 0-0: Ball
1-0: Foul Ball, location: 2F
1-1: Foul Ball, location: 2F
1-2: Foul Ball, location: 2F
1-2: Strikes out looking
Batting: RHB Tyler Robinson 0-0: Ball
1-0: Ball
2-0: Foul Ball, location: 2F
2-1: 3-RUN HOME RUN (Flyball, 7D), Distance : 414 ft
Batting: LHB Aaron Atkins 0-0: Called Strike
0-1: Called Strike
0-2: Ball
1-2: Fly out, F8 (Flyball, 8LS)
Batting: RHB Clancy Castro 0-0: Called Strike
0-1: Ball
1-1: Swinging Strike
1-2: Strikes out swinging
Top of the 3rd over - 3 run(s), 3 hit(s), 0 error(s), 0 left on base; Masconomet HS 3 - Shelby HS 2
BOTTOM OF THE 3RD
Shelby HS Rockets batting - Pitching for Masconomet HS Chieftans : LHP Daniel Roberts
Batting: LHB Justin Tubridy 0-0: Ball
1-0: Called Strike
1-1: Hit by Pitch
Batting: RHB Rich Crabtree 0-0: Foul Ball, location: 2F
0-1: Called Strike
0-2: Strikes out looking
Batting: RHB Tommy Davenport 0-0: Ball
1-0: Ball
2-0: Ball
3-0: Called Strike
3-1: SINGLE (Flyball, 6MD)
Justin Tubridy to second
Batting: RHB Jake Erickson 0-0: Ball
1-0: Ball
2-0: Called Strike
2-1: Fly out, F7 (Flyball, 78M)
Batting: RHB David Randall 0-0: Ball
1-0: Foul Ball, location: 2F
1-1: Fly out, F7 (Flyball, 7M)
Bottom of the 3rd over - 0 run(s), 1 hit(s), 0 error(s), 2 left on base; Masconomet HS 3 - Shelby HS 2
TOP OF THE 4TH
Masconomet HS Chieftans batting - Pitching for Shelby HS Rockets : RHP Max Briggs
Batting: LHB Trent Andrews 0-0: Called Strike
0-1: Swinging Strike
0-2: Strikes out looking
Batting: RHB Frank Music 0-0: Ball
1-0: Ball
2-0: Called Strike
2-1: Swinging Strike
2-2: Fly out, F3 (Popup, 3DF)
Batting: RHB Brian Jackson 0-0: Foul Ball, location: 2F
0-1: Ball
1-1: Ball
2-1: Ball
3-1: Fly out, F7 (Flyball, 78M)
Top of the 4th over - 0 run(s), 0 hit(s), 0 error(s), 0 left on base; Masconomet HS 3 - Shelby HS 2
BOTTOM OF THE 4TH
Shelby HS Rockets batting - Pitching for Masconomet HS Chieftans : LHP Daniel Roberts
Batting: RHB Jorge Ortíz 0-0: Called Strike
0-1: Ball
1-1: Ground out 4-3 (Groundball, 4)
Batting: RHB Don Jackson 0-0: Swinging Strike
0-1: Ball
1-1: Foul Ball, location: 2F
1-2: Ball
2-2: Foul Ball, location: 2F
2-2: Strikes out swinging
Batting: RHB John Pineau 0-0: Foul Ball, location: 2F
0-1: Foul Ball, location: 2F
0-2: Ball
1-2: Strikes out looking
Bottom of the 4th over - 0 run(s), 0 hit(s), 0 error(s), 0 left on base; Masconomet HS 3 - Shelby HS 2
TOP OF THE 5TH
Masconomet HS Chieftans batting - Pitching for Shelby HS Rockets : RHP Max Briggs
Batting: RHB António Rojas 0-0: Ball
1-0: Foul Ball, location: 2F
1-1: Ball
2-1: SOLO HOME RUN (Flyball, 7D), Distance : 414 ft
Pitching: RHP Ricardo Delgado
Batting: SHB Jim Orr 0-0: Ball
1-0: Foul Ball, location: 2F
1-1: Called Strike
1-2: Ball
2-2: Ball
3-2: Base on Balls
Batting: RHB Ryan Beck 0-0: Called Strike
0-1: Hit by Pitch
Jim Orr to second
Batting: RHB Tyler Robinson 0-0: Ball
1-0: Called Strike
1-1: Foul Ball, location: 2F
1-2: Strikes out swinging
Batting: LHB Aaron Atkins 0-0: Foul Ball, location: 2F
0-1: Called Strike
0-2: Ball
1-2: Ball
2-2: Strikes out swinging
Batting: RHB Clancy Castro 0-0: Foul Ball, location: 2F
0-1: Foul Ball, location: 2F
0-2: Foul Ball, location: 2F
0-2: Hit by Pitch
Jim Orr to third
Ryan Beck to second
Batting: LHB Trent Andrews 0-0: Ball
1-0: Ball
2-0: Ball
3-0: Called Strike
3-1: Fly out, F7 (Popup, 56D)
Top of the 5th over - 1 run(s), 1 hit(s), 0 error(s), 3 left on base; Masconomet HS 4 - Shelby HS 2
BOTTOM OF THE 5TH
Shelby HS Rockets batting - Pitching for Masconomet HS Chieftans : LHP Daniel Roberts
Batting: LHB Bill Williams 0-0: Ground out U3 (Groundball, 3)
Batting: LHB Justin Tubridy 0-0: Called Strike
0-1: SINGLE (Groundball, 4M)
Batting: RHB Rich Crabtree 0-0: Fly out, F9 (Flyball, 89M)
Batting: RHB Tommy Davenport 0-0: Called Strike
0-1: Ball
1-1: Foul Ball, location: 2F
1-2: Foul Ball, location: 2F
1-2: SINGLE (Groundball, 56D)
Justin Tubridy to second
Justin Tubridy to third
Batting: RHB Jake Erickson 0-0: Ball
1-0: Called Strike
1-1: SINGLE (Groundball, 56)
Justin Tubridy scores
Tommy Davenport to second
Batting: RHB David Randall 0-0: Ball
1-0: Foul Ball, location: 2F
1-1: Ground out 1-3 (Groundball, 23)
Bottom of the 5th over - 1 run(s), 3 hit(s), 0 error(s), 2 left on base; Masconomet HS 4 - Shelby HS 3
TOP OF THE 6TH
Masconomet HS Chieftans batting - Pitching for Shelby HS Rockets : RHP Ricardo Delgado
Batting: RHB Frank Music 0-0: Reached on error, E6 (Groundball, 6)
Batting: RHB Brian Jackson 0-0: Ball
1-0: Called Strike
1-1: Ball
2-1: Fly out, F7 (Flyball, 7M)
Batting: RHB António Rojas 0-0: Called Strike
0-1: SINGLE (Flyball, 7S)
Frank Music to second
Batting: SHB Jim Orr 0-0: Ball
1-0: Fly out, F9 (Flyball, 9M)
Batting: RHB Ryan Beck 0-0: Ball
1-0: Ball
2-0: Called Strike
2-1: Swinging Strike
2-2: Strikes out swinging
Top of the 6th over - 0 run(s), 1 hit(s), 1 error(s), 2 left on base; Masconomet HS 4 - Shelby HS 3
BOTTOM OF THE 6TH
Shelby HS Rockets batting - Pitching for Masconomet HS Chieftans : LHP Daniel Roberts
Pitching: RHP Britt McQueen
Batting: RHB Jorge Ortíz 0-0: Ground out 1-3 (Groundball, 23)
Batting: RHB Don Jackson 0-0: Ball
1-0: Ball
2-0: Ball
3-0: Base on Balls
Batting: RHB John Pineau 0-0: Ball
1-0: Ball
2-0: Ball
3-0: Base on Balls
Don Jackson to second
Batting: LHB Bill Williams 0-0: Foul Ball, location: 2F
0-1: Ball
1-1: Ball
2-1: Foul Ball, location: 2F
2-2: Ball
3-2: Foul Ball, location: 2F
3-2: Strikes out swinging
Batting: LHB Justin Tubridy 0-0: Swinging Strike
0-1: Foul Ball, location: 2F
0-2: Foul Ball, location: 2F
0-2: Ball
1-2: Foul Ball, location: 2F
1-2: Strikes out swinging
Bottom of the 6th over - 0 run(s), 0 hit(s), 0 error(s), 2 left on base; Masconomet HS 4 - Shelby HS 3
TOP OF THE 7TH
Masconomet HS Chieftans batting - Pitching for Shelby HS Rockets : RHP Ricardo Delgado
Pitching: RHP Loren Jackson
Batting: RHB Tyler Robinson 0-0: Ball
1-0: Called Strike
1-1: Ball
2-1: Called Strike
2-2: Strikes out looking
Batting: LHB Aaron Atkins 0-0: Ball
1-0: Called Strike
1-1: Swinging Strike
1-2: Ball
2-2: Strikes out swinging
Batting: RHB Clancy Castro 0-0: Ball
1-0: Foul Ball, location: 2F
1-1: Swinging Strike
1-2: Foul Ball, location: 2F
1-2: SINGLE (Line Drive, 9S)
Batting: LHB Trent Andrews 0-0: Ball
1-0: Swinging Strike
1-1: Foul Ball, location: 2F
1-2: Ball
2-2: SINGLE (Flyball, 78M)
Clancy Castro to second
Batting: RHB Frank Music 0-0: Called Strike
0-1: Ground out 6-3 (Groundball, 56)
Top of the 7th over - 0 run(s), 2 hit(s), 0 error(s), 2 left on base; Masconomet HS 4 - Shelby HS 3
BOTTOM OF THE 7TH
Shelby HS Rockets batting - Pitching for Masconomet HS Chieftans : RHP Britt McQueen
Batting: RHB Rich Crabtree 0-0: Ball
1-0: Ground out 5-3 (Groundball, 56)
Batting: RHB Tommy Davenport 0-0: Swinging Strike
0-1: Ball
1-1: Ball
2-1: Ball
3-1: Ground out 1-3 (Groundball, 13S)
Batting: RHB Jake Erickson 0-0: Called Strike
0-1: Swinging Strike
0-2: Ball
1-2: Ball
2-2: Ball
3-2: Base on Balls
Batting: RHB David Randall 0-0: Foul Ball, location: 2F
0-1: Ball
1-1: Ball
2-1: Ball
3-1: Ground out 5-3 (Groundball, 6)
Bottom of the 7th over - 0 run(s), 0 hit(s), 0 error(s), 1 left on base; Masconomet HS 4 - Shelby HS 3
TOP OF THE 8TH
Masconomet HS Chieftans batting - Pitching for Shelby HS Rockets : RHP Loren Jackson
Batting: RHB Brian Jackson 0-0: Called Strike
0-1: Ground out 6-3 (Groundball, 6)
Batting: RHB António Rojas 0-0: Ball
1-0: Swinging Strike
1-1: Swinging Strike
1-2: Ball
2-2: Foul Ball, location: 2F
2-2: Ball
3-2: Strikes out looking
Batting: SHB Jim Orr 0-0: Called Strike
0-1: Ball
1-1: Called Strike
1-2: Ball
2-2: Ball
3-2: Foul Ball, location: 2F
3-2: Strikes out swinging
Top of the 8th over - 0 run(s), 0 hit(s), 0 error(s), 0 left on base; Masconomet HS 4 - Shelby HS 3
BOTTOM OF THE 8TH
Shelby HS Rockets batting - Pitching for Masconomet HS Chieftans : RHP Britt McQueen
Pitching: LHP Paco Oliva
Batting: RHB Jorge Ortíz 0-0: Ball
1-0: Swinging Strike
1-1: SINGLE (Line Drive, 89S)
Pitching: RHP Dan Garrett
Batting: RHB Don Jackson 0-0: Sac Bunt - play at second, runner OUT! 5-6
Batting: RHB John Pineau 0-0: Called Strike
0-1: Ball
1-1: Bunted foul
1-2: Foul Ball, location: 2F
1-2: Ball
2-2: Foul Ball, location: 2F
2-2: Reached on error, E5 (Groundball, 5L)
Don Jackson to second
Pitching: LHP Christian Rousseau
Batting: LHB Bill Williams 0-0: Fly out, F7 (Flyball, 7M)
Batting: LHB Justin Tubridy 0-0: Ball
1-0: Called Strike
1-1: Ground out 5-3 (Groundball, 15S)
Bottom of the 8th over - 0 run(s), 1 hit(s), 1 error(s), 2 left on base; Masconomet HS 4 - Shelby HS 3
TOP OF THE 9TH
Masconomet HS Chieftans batting - Pitching for Shelby HS Rockets : RHP Loren Jackson
Batting: RHB Ryan Beck 0-0: Called Strike
0-1: Swinging Strike
0-2: Strikes out swinging
Batting: RHB Tyler Robinson 0-0: Ball
1-0: Ball
2-0: Ball
3-0: Base on Balls
Batting: LHB Aaron Atkins 0-0: Ball
1-0: SINGLE (Line Drive, 5)
Tyler Robinson to second
Batting: RHB Clancy Castro 0-0: Ball
1-0: Ball
2-0: Called Strike
2-1: Ball
3-1: SINGLE (Line Drive, 78M)
Tyler Robinson to third
Aaron Atkins to second
Pitching: RHP Stan Franco
Batting: LHB Trent Andrews Single, Error in OF, E7, batter to second base
Tyler Robinson scores
Aaron Atkins scores
Clancy Castro to third
Batting: RHB Frank Music 0-0: Ball
1-0: Ball
2-0: Ball
3-0: Base on Balls
Batting: RHB Brian Jackson 0-0: Ball
1-0: Swinging Strike
1-1: Fielders Choice at 2nd, 6-4 (Groundball, 6M)
Clancy Castro scores
Trent Andrews to third
Batting: RHB António Rojas 0-0: Called Strike
0-1: Ball
1-1: Called Strike
1-2: Ball
2-2: SINGLE (Groundball, 3D)
Trent Andrews scores
Brian Jackson to second
Runner from 2nd tries for 3rd, SAFE, no throw or cutoff
Batting: SHB Jim Orr 0-0: Called Strike
0-1: Ball
1-1: 3-RUN HOME RUN (Flyball, 8LXD), Distance : 454 ft
Batting: RHB Ryan Beck 0-0: Ball
1-0: Ball
2-0: Foul Ball, location: 2F
2-1: Foul Ball, location: 2F
2-2: Strikes out looking
Top of the 9th over - 7 run(s), 5 hit(s), 1 error(s), 0 left on base; Masconomet HS 11 - Shelby HS 3
BOTTOM OF THE 9TH
Shelby HS Rockets batting - Pitching for Masconomet HS Chieftans : LHP Christian Rousseau
Batting: RHB Rich Crabtree 0-0: Swinging Strike
0-1: Ball
1-1: Called Strike
1-2: Ball
2-2: Strikes out swinging
Batting: RHB Tommy Davenport 0-0: Called Strike
0-1: Ball
1-1: Ground out 3-1 (Groundball, 34)
Batting: RHB Jake Erickson 0-0: Called Strike
0-1: Ground out 5-3 (Groundball, 5)
Bottom of the 9th over - 0 run(s), 0 hit(s), 0 error(s), 0 left on base; Masconomet HS 11 - Shelby HS 3
This league is powered by Out of the Park Baseball, the baseball management simulation game for PC, Mac and Linux
Tuesday, August 2nd, 2016 - OOTP Baseball 16.8 Build 38